 Dungeon Crawl Stone Soup version 0.30-a0-715-gdb4ae3ece1 (webtiles) character file.

Game seed: 1347651630919794774

29 browni3141 the Caller (level 3, -8/31 HPs)
             Began as a Naga Summoner on Jan 24, 2023.
             Mangled by a gnoll
             ... wielding a +0 halberd
              (13 damage)
             ... on level 2 of the Dungeon.
             The game lasted 00:02:27 (986 turns).

browni3141 the Caller (Naga Summoner)                Turns: 986, Time: 00:02:28

Health: -8/31      AC:  2    Str: 10    XL:     3   Next: 16%
Magic:  6/6        EV:  9    Int: 17    God:
Gold:   68         SH:  0    Dex: 11    Spells: 3/6 levels left

rFire   . . .      SeeInvis +    f - +0 spear
rCold   . . .      Faith    .    (no shield)
rNeg    . . .      Spirit   .    a - +0 robe
rPois   +          Reflect  .    (no helmet)
rElec   .          Harm     .    (no cloak)
rCorr   .          Rampage  .    (no gloves)
Will    .....                    (no barding)
Stlth   ++                       (no amulet)
HPRegen 0.25/turn                (no ring)
MPRegen 0.10/turn                (no ring)

@: very slow
A: AC +1, large, see invisible, deformed body, poison resistance, slowness 2,
spit poison 1, naga tail 1
a: Spit Poison


You were on level 2 of the Dungeon.
You visited 1 branch of the dungeon, and saw 2 of its levels.

You collected 68 gold pieces.

Inventory:

Hand Weapons
 f - a +0 spear (weapon)
Armour
 a - a +0 robe (worn)
Scrolls
 c - a scroll of noise {unknown}
 d - 2 scrolls of immolation {unknown}
 e - a scroll of summoning {unknown}
 h - a scroll of identify {unknown}
Potions
 b - a potion of magic
 g - a potion of curing {unknown}
 i - a potion of mutation {unknown}


   Skills:
 - Level 1.0 Fighting
 - Level 1.5 Dodging
 - Level 3.0 Stealth
 - Level 2.0 Spellcasting
 * Level 4.8 Summonings


You had 3 spell levels left.
You knew the following spells:

 Your Spells              Type           Power      Damage    Failure   Level
a - Summon Small Mammal   Summ           72%        N/A       2%          1
b - Call Imp              Summ           18%        N/A       4%          2

Your spell library contained the following spells:

 Spells                   Type           Power      Damage    Failure   Level
 Call Canine Familiar     Summ           18%        N/A       8%          3
 Summon Guardian Golem    Hex/Summ       9%         N/A       22%         3
 Summon Lightning Spire   Summ/Air       9%         N/A       56%         4


Dungeon Overview and Level Annotations

Branches:
Dungeon (2/15)

Altars:
Xom

Shops:
D:1 ?(:


Innate Abilities, Weirdness & Mutations

Your serpentine skin is tough. (AC +1)
You have supernaturally acute eyesight. (SInv)
Armour fits poorly on your strangely shaped body.
Your system is resistant to poisons. (rPois)
You cover ground very slowly.
You can spit poison.
You have a snake-like lower body.


Message History

The frilled lizard is heavily wounded.
You miss the frilled lizard.
The frilled lizard is heavily wounded.
The frilled lizard bites you. x2
You hit the frilled lizard but do no damage.
You punch the frilled lizard.
You kill the frilled lizard!
No target in view!
No target in view!
HP restored.
You now have 55 gold pieces (gained 18).
Found 5 stones.
Found an escape hatch in the ceiling.
No target in view!
You now have 68 gold pieces (gained 13).
A frilled lizard comes into view.
Found an escape hatch in the floor.
Found a shimmering altar of Xom.
Found a stone staircase leading down.
Found a stone staircase leading down.
The gnoll shouts!
Found a fuming inky potion.
A dart slug comes into view.
The dart slug launches a dart at you. The slug dart hits you.
You reach to attack!
You closely miss the gnoll.
The gnoll hits you from afar with a +0 halberd!
The dart slug launches a dart at you. The slug dart hits you.
The gnoll closely misses you.
The gnoll hits you from afar with a +0 halberd.
You see here an orb of mayhem.
The frilled lizard attacks as you move away!
The frilled lizard barely misses you.
The gnoll hits you from afar with a +0 halberd.
* * * LOW HITPOINT WARNING * * *
The frilled lizard bites you but does no damage.
There is an escape hatch in the ceiling here.
The frilled lizard bites you.
* * * LOW HITPOINT WARNING * * *
The gnoll hits you from afar with a +0 halberd!
You die...

#.......# #.#.#.....>!.
.##....####............
.# ###.....#..(........ .
.. #.###......l...... #
#.###..###....#####..# #
#.............[$# #
.#..........g..## .
####.......l...###
#########.......@.....#
..............#....##>...
....######....#..#.# ####
....# #..####.#>.# #####
...# #...... ## ...#
##...... .# .... .......
....# ..##.# .. ....
....# .#


You could see a gnoll and a frilled lizard.

Vanquished Creatures
  A gnoll (D:1)
  An endoplasm (D:1)
  A giant cockroach (D:1)
  2 hobgoblins (D:1)
  A ball python (D:2)
  3 bats
  3 frilled lizards
  A kobold (D:1)
  A rat (D:1)
14 creatures vanquished.

Vanquished Creatures (collateral kills)
  2 hobgoblins (D:1)
  3 quokkas
5 creatures vanquished.

Grand Total: 19 creatures vanquished

Notes
Turn   | Place    | Note
-------+----------+-------------------------------------------
     0 | D:1      | browni3141 the Naga Summoner began the quest for the Orb.
     0 | D:1      | Reached XP level 1. HP: 15/15 MP: 3/3
   139 | D:1      | Found Fearag's Magic Scroll Emporium.
   165 | D:1      | Reached skill level 1 in Fighting
   320 | D:1      | Reached XP level 2. HP: 12/25 MP: 1/5
   400 | D:1      | Learned a level 2 spell: Call Imp
   466 | D:1      | Found Utotress's Antique Weapon Shop.
   477 | D:1      | Found Keomm's Book Boutique.
   867 | D:1      | Reached XP level 3. HP: 11/31 MP: 0/6
   976 | D:2      | Found a shimmering altar of Xom.
   986 | D:2      | Mangled by a gnoll

Illustrated notes

Levels and vault maps discovered:
D:1:      nzn_arrival_depleted_hourglass, layout_rooms, serial_shops,
          nicolae_shop_advertising_works [nicolae_subvault_shop_adworks],
          shop_fountains, shop
D:2:      layout_rooms, basic_altar

Skill      XL: |  1 |
---------------+----+-----
Fighting       | 1 |  1.0
Dodging        | |  1.5
Stealth        | |  3.0
Spellcasting   | |  2.0
Summonings     | |  4.8

Action                     || total
---------------------------++-------
  Melee: Unarmed           ||    14
         Spear             ||    43
         Punch             ||     1
   Cast: Summon Small Mamm ||    15
         Call Imp          ||     2
Ability: Spit Poison       ||     5
   Stab: Sleeping          ||     4
 Armour: Robe              ||     8
  Dodge: Dodged            ||    27

Table legend: (Time is in decaauts)
 A = Elapsed time spent in this place.
 B = Non-inter-level travel time spent in this place.
 C = Inter-level travel time spent in this place.
 D = Time resting spent in this place.
 E = Time spent auto-exploring this place.
 F = Levels seen in this place.
 G = Mean time per level.
                   A        B        C        D        E       F      G
               +--------+--------+--------+--------+--------+-----+--------+
         Total |   1226 |   1182 |     44 |     60 |    852 |   2 |  613.0 |
       Dungeon |   1226 |   1182 |     44 |     60 |    852 |   2 |  613.0 |
               +--------+--------+--------+--------+--------+-----+--------+

Top non-repeatable levels by time:
     D:1: 1083 daAuts
     D:2: 143 daAuts
